AoeStats
← Zariel

Nomad

504867479Analyzed
4v4 RM · 27d ago on Sep 6, 2026· 43m 11s· 8 players
Game mode
Random Map
Map size
231×231
Population
200
Speed
Normal
Resources
Standard
Victory
Conquest
Starting age
Dark Age
Ending age
Imperial Age
RankedLock teamsTeams togetherTeam positionsShared explorationLock speedFull tech treeHidden civsTurbo modeCheats
Victory
Defeat
🇮🇹 Italians · Italy
1338
+13
🇫🇷 Mongols · France
1336
+13
🇺🇸 Berbers · United States
1298
+15
🇸🇰 Turks · Slovakia
1294
+15
🇧🇷 Tupi · Brazil
1369
-17
🇮🇳 Lithuanians · India
1251
-13
🇦🇷 Koreans · Argentina
1249
-13
🇺🇸 Saracens · United States
1238
-13
JOK3R_LSR
5:38 Loom
13:17 Feudal Age
17:28 Castle Age
15:29 Double-Bit Axe
15:56 Fishing Lines
19:03 Bow Saw
18:51 Town Watch
19:57 Wheelbarrow
20:03 Gillnets
21:01 Stone Mining
21:02 Gold Mining
23:20 Hand Cart
23:33 Town Patrol
23:59 Fletching
25:08 Bodkin Arrow
27:21 Gold Shaft Mining
27:28 Stone Shaft Mining
33:33 Imperial Age
32:48 Ballistics
34:35 Bracer
34:31 Elite Mangudai
35:34 Thumb Ring
35:55 Parthian Tactics
35:56 Bloodlines
36:51 Conscription
36:35 Husbandry
smurfik
5:07 Loom
12:34 Feudal Age
19:23 Castle Age
20:44 Double-Bit Axe
21:27 Horse Collar
21:59 Town Watch
29:35 Wheelbarrow
30:39 Padded Archer Armor
32:39 Hand Cart
35:43 Imperial Age
33:23 Heavy Plow
35:47 Masonry
37:31 Conscription
37:29 Bow Saw
38:39 Leather Archer Armor
40:19 Two-Man Saw
43:20 Hoardings
Zariel
10:56 Loom
13:33 Feudal Age
14:38 Double-Bit Axe
20:56 Castle Age
19:34 Gold Mining
19:48 Fletching
21:32 Bodkin Arrow
25:35 Wheelbarrow
25:16 Padded Archer Armor
25:35 Bow Saw
26:36 Medium Warships
32:18 Leather Archer Armor
32:37 Hand Cart
34:29 Squires
34:30 Scale Mail Armor
35:40 Forging
36:15 Chain Mail Armor
35:50 Horse Collar
39:12 Imperial Age
38:03 Scale Barding Armor
39:25 Iron Casting
39:10 Chain Barding Armor
38:13 Light Cavalry
39:04 Bloodlines
39:17 Ballistics
38:59 Husbandry
39:23 Treadmill Crane
40:54 Stone Mining
41:10 Heavy Plow
42:15 Conscription
43:37 Chemistry
mikeymazko
5:02 Loom
5:23 Loom
13:30 Feudal Age
14:21 Double-Bit Axe
14:45 Fishing Lines
18:46 Castle Age
19:15 Wheelbarrow
18:47 Town Watch
20:00 Bow Saw
20:26 Medium Warships
20:43 Forging
20:51 Gold Mining
22:17 Scale Barding Armor
24:46 Bloodlines
25:24 Gold Shaft Mining
25:00 Gillnets
26:57 Fletching
27:37 Chain Barding Armor
31:23 Bodkin Arrow
31:29 Padded Archer Armor
35:45 Imperial Age
34:32 Iron Casting
35:00 Husbandry
35:56 Heavy Camel Rider
37:47 Plate Barding Armor
38:32 Blast Furnace
39:28 Light Cavalry
39:30 Cavalier
43:38 Conscription
XxBuzzXx
5:08 Loom
12:40 Feudal Age
16:42 Castle Age
14:48 Horse Collar
16:16 Double-Bit Axe
34:03 Forging
33:59 Scale Barding Armor
41:13 Chain Barding Armor
41:29 Iron Casting
h1kerb0i
4:52 Loom
14:11 Feudal Age
17:12 Horse Collar
17:20 Double-Bit Axe
20:56 Castle Age
23:54 Wheelbarrow
23:44 Fletching
30:53 Imperial Age
31:26 Imperial Age
28:55 Bodkin Arrow
28:36 Elite Skirmisher
29:47 Padded Archer Armor
31:05 Leather Archer Armor
31:21 Town Watch
32:47 Ballistics
33:27 Bracer
37:00 Masonry
39:59 Conscription
43:17 Ring Archer Armor
ElBochitaDeLaGente
5:19 Loom
13:46 Feudal Age
18:10 Castle Age
16:53 Double-Bit Axe
20:31 Gold Mining
20:33 Fletching
20:32 Town Watch
21:22 Wheelbarrow
22:38 Wheelbarrow
29:28 Horse Collar
32:21 Bodkin Arrow
32:51 Ballistics
34:58 Hand Cart
36:00 Gold Shaft Mining
36:31 Bow Saw
37:29 Elite Skirmisher
41:24 Imperial Age
38:55 Town Patrol
43:32 Imperial Age
Atos 4:12 | João 14:6
4:45 Loom
13:14 Feudal Age
14:04 Double-Bit Axe
16:16 Fletching
18:17 Town Watch
20:23 Wheelbarrow
26:14 Castle Age
25:10 Stone Mining
26:05 Horse Collar
26:16 Gold Mining
27:13 Medium Warships
27:05 Bodkin Arrow
27:22 Bow Saw
34:39 Careening
34:51 Ballistics
35:22 Heavy Plow
38:31 Imperial Age
37:06 Hand Cart
36:59 Padded Archer Armor
37:37 Gold Shaft Mining
39:57 Bracer
40:59 Chemistry
39:55 Murder Holes
41:25 Leather Archer Armor
42:12 Two-Man Saw
42:28 Treadmill Crane
Connection lost

Rejoining the realm…

Still unreachable

The connection could not be restored.

Session expired

The server has moved on; the page needs a fresh start.